 Dungeon Crawl Stone Soup version 0.26-a0-812-g31a745ddcd (webtiles) character file.

Game seed: 5396375840127583791

152 kae the Chopper (level 5, -3/47 HPs)
             Began as a Hill Orc Fighter on Dec 9, 2020.
             Killed by divine providence
             ... invoked by an orc priest
              (12 damage)
             ... on level 3 of the Dungeon.
             The game lasted 00:01:15 (2054 turns).

kae the Chopper (Hill Orc Fighter)                  Turns: 2054, Time: 00:01:15

Health: -3/47      AC:  9    Str: 20    XL:     5   Next: 34%
Magic:  5/5        EV: 10    Int: 10    God:
Gold:   66         SH:  0    Dex:  8    Spells: 4/4 levels left

rFire    . . .     SeeInvis .   t - +0 battleaxe
rCold    . . .     Faith    .   (shield currently unavailable)
rNeg     . . .     Spirit   .   b - +0 scale mail
rPois    .         Reflect  .   (no helmet)
rElec    .         Harm     .   r - +0 cloak
rCorr    .         Rampage  .   i - +0 pair of gloves
MR       .....                  (no boots)
Stlth    +.........             (no amulet)
HPRegen  0.15/turn              (no ring)
MPRegen  0.09/turn              (no ring)

@: flying
A: camouflage 1, clever 1, clumsy 1
a: Convert to Beogh


You were on level 3 of the Dungeon.
You visited 1 branch of the dungeon, and saw 3 of its levels.

You collected 66 gold pieces.

Inventory:

Hand Weapons
 a - a +0 war axe
 t - a +0 battleaxe (weapon)
Armour
 b - a +0 scale mail (worn)
 c - a +0 kite shield
 i - a +0 pair of gloves (worn)
 r - a +0 cloak (worn)
Jewellery
 h - an uncursed ring of magical power {unknown}
 k - a cursed -4 ring of dexterity {unknown}
 m - a +4 ring of protection {unknown}
 s - a cursed ring of teleportation {unknown}
Scrolls
 e - a scroll of enchant armour {unknown}
 f - 4 scrolls of remove curse {unknown}
 g - a scroll of blinking {unknown}
 n - a scroll of amnesia {unknown}
 o - 3 scrolls of identify {unknown}
 p - a scroll of magic mapping {unknown}
 q - a scroll of enchant weapon {unknown}
Potions
 d - 2 potions of might
 j - a potion of mutation


   Skills:
 + Level 4.5 Fighting
 * Level 4.9 Axes
 + Level 4.1 Armour
 + Level 1.5 Dodging
 - Level 3.2 Shields


You had 4 spell levels left.
You didn't know any spells.
Your spell library was empty.

Dungeon Overview and Level Annotations

Branches:
Dungeon (3/15)

Altars:
Hepliaklqana
The Shining One


Innate Abilities, Weirdness & Mutations

Your skin changes colour to match your surroundings (Stealth+).
Your mind is acute. (Int +2)
You are clumsy. (Dex -2)


Message History

The orc priest hits you with a +0 hand axe.
* * * LOW HITPOINT WARNING * * *
You hit the orc priest.
The orc priest is heavily wounded.
The orc priest shouts, "Beogh is our master!
Accept the truth or die!"
The orc priest barely misses you.
An orc comes into view. It is wielding a +0 whip.
You closely miss the orc priest.
The orc priest is heavily wounded.
The orc shouts!
You hear a shout! x2
The orc priest begins to cast a cantrip, but forgets the words!
An orc comes into view. It is wielding a +0 flail.
The orc priest hits you with a +0 hand axe.
* * * LOW HITPOINT WARNING * * *
The orc shouts!
You slash the orc priest!
The orc priest is almost dead.
The orc priest invokes the aid of Beogh against you.
Beogh smites you!
You die...

#.#...#.....
#.#....)....
#.###...###.
###.........#
#........#..# #
#.#.[)......#
..#########.#.......).#
........ooo†#....#....#
##....@##..#......####
#.....##).#.####..
......####..#.# ....
...... #..#.# ##..
..... .... .... .....
###.o ._ #### .#. ##..
..


You could see an orc priest and 2 orcs.

Vanquished Creatures
  An orc priest (D:3)
  An orc wizard (D:3)
  3 gnolls (D:2)
  A worm (D:2)
  3 dart slugs
  2 leopard geckos (D:2)
  4 orcs (D:3)
  2 giant cockroaches (D:1)
  8 goblins
  10 hobgoblins
  4 kobolds
  6 bats
  4 frilled lizards
  3 rats
52 creatures vanquished.

Vanquished Creatures (others)
  36 plants (D:2)
36 creatures vanquished.

Grand Total: 88 creatures vanquished

Notes
Turn   | Place    | Note
-------+----------+-------------------------------------------
     0 | D:1      | kae the Hill Orc Fighter began the quest for the Orb.
     0 | D:1      | Reached XP level 1. HP: 19/19 MP: 1/1
   170 | D:1      | Reached XP level 2. HP: 27/27 MP: 2/2
   777 | D:2      | Reached XP level 3. HP: 33/33 MP: 3/3
  1000 | D:2      | Found a glowing golden altar of the Shining One.
  1432 | D:2      | Reached skill level 1 in Dodging
  1444 | D:2      | Reached XP level 4. HP: 22/40 MP: 4/4
  1950 | D:3      | Found a hazy altar of Hepliaklqana.
  1988 | D:3      | Reached XP level 5. HP: 38/47 MP: 5/5
  2043 | D:3      | Gained mutation: Your mind is acute. (Int +2) [potion of
                  | mutation]
  2043 | D:3      | Gained mutation: You are clumsy. (Dex -2) [potion of
                  | mutation]
  2043 | D:3      | Gained mutation: Your skin changes colour to match your
                  | surroundings (Stealth+). [potion of mutation]
  2054 | D:3      | Killed from afar by an orc priest

Illustrated notes

Levels and vault maps discovered:
D:1:      dpeg_arrival_pits, layout_basic
D:2:      layout_loops_ring, serial_bayou_lagoon_a, st_stairs_11, tso_metal_star
D:3:      layout_basic, grunt_temple_overflow_order_and_chaos_2,
          lemuel_round_altar, nicolae_overflow_crystal_walls, chequers_jeans,
          minmay_misc_feat_room, bloody_trog

Skill      XL: |  1  2  3  4  5 |
---------------+----------------+-----
Axes           | 3 4 |  4.9
Fighting       | 4 |  4.5
Dodging        | 1 |  1.5
Armour         | 4 |  4.1
Shields        | |  3.2

Action                   |  1- 3 |  4- 6 || total
-------------------------+-------+-------++-------
Melee: War axe           |   121 |    26 ||   147
       Battleaxe         |       |    18 ||    18
  Use: Potion            |       |     3 ||     3
Armor: Scale mail        |    58 |    23 ||    81
Dodge: Dodged            |    32 |    28 ||    60
Block: Kite shield       |    62 |     6 ||    68

Table legend: (Time is in decaauts)
 A = Elapsed time spent in this place.
 B = Non-inter-level travel time spent in this place.
 C = Inter-level travel time spent in this place.
 D = Time resting spent in this place.
 E = Time spent auto-exploring this place.
 F = Levels seen in this place.
 G = Mean time per level.
                   A        B        C        D        E       F      G
               +--------+--------+--------+--------+--------+-----+--------+
         Total |   2125 |   1992 |    133 |    110 |   1477 |   3 |  708.3 |
       Dungeon |   2125 |   1992 |    133 |    110 |   1477 |   3 |  708.3 |
               +--------+--------+--------+--------+--------+-----+--------+

Top non-repeatable levels by time:
     D:2: 1220 daAuts
     D:1: 752 daAuts
     D:3: 153 daAuts
